 Dungeon Crawl Stone Soup version 0.31-a0-986-g5e6e4ef867 (webtiles) character file.

Game seed: 4869500594820701707

16 Danienth the Chiller (level 2, 0/22 HPs)
             Began as a Human Wanderer on Nov 7, 2023.
             Succumbed to an adder's poison
             ... on level 2 of the Dungeon.
             The game lasted 00:01:18 (261 turns).

Danienth the Chiller (Human Wanderer)                Turns: 261, Time: 00:01:19

Health: 0/22       AC:  3    Str: 16    XL:     2   Next: 75%
Magic:  3/5        EV: 11    Int: 11    God:
Gold:   29         SH:  0    Dex:  9    Spells: 4/5 levels left

rFire   . . .        a - +1 hand axe
rCold   . . .        (no shield)
rNeg    . . .        c - +0 leather armour
rPois   .            (no helmet)
rElec   .            (no cloak)
rCorr   .            (no gloves)
SInv    .            (no boots)
Will    .....        (no amulet)
Stlth   +            (no ring)
HPRegen 0.23/turn    (no ring)
MPRegen 0.09/turn

%: no passive effects
@: lethally poisoned (0 -> -2), very slightly contaminated
A: no striking features
a: no special abilities


You were on level 2 of the Dungeon.
You visited 1 branch of the dungeon, and saw 2 of its levels.

You collected 29 gold pieces.

Inventory:

Hand Weapons
 a - a +1 hand axe (weapon)
Armour
 c - a +0 leather armour (worn)
Scrolls
 b - a scroll of silence
 d - a scroll of vulnerability {unknown}
 g - a scroll of identify {unknown}
Potions
 e - a potion of lignification {unknown}
 f - a potion of curing {unknown}
 h - a potion of enlightenment {unknown}


   Skills:
 + Level 2.2 Fighting
 * Level 1.7 Axes
 * Level 1.7 Throwing
 - Level 1.0 Dodging
 - Level 2.0 Spellcasting
 - Level 3.0 Ice Magic


You had 4 spell levels left.
You knew the following spells:

 Your Spells              Type           Power      Damage    Failure   Level
a - Freeze                Ice            28%        1d5       11%         1

Your spell library contained the following spells:

 Spells                   Type           Power      Damage    Failure   Level
 Frozen Ramparts          Ice            14%        1d3       30%         3
 Hailstorm                Conj/Ice       4%         3d4       50%         3
 Animate Dead             Necr           1%         N/A       98%         4
 Borgnjor's Vile Clutch   Necr/Erth      0%         N/A       100%        5
 Death Channel            Necr           0%         N/A       100%        6


Dungeon Overview and Level Annotations

Branches:
Dungeon (1/15)

Altars:


Message History

You are too injured to fight recklessly!
You are too injured to fight recklessly!
* * * LOW HITPOINT WARNING * * *
You feel sick.
Casting: Freeze (safe; 11% risk of failure)
Confirm with . or Enter, or press ? or * to list all spells.
Aiming: Freeze (safe; 11% risk of failure)
Press: ? - help, Shift-Dir - straight line, f - adder
Aim: an adder You miscast Freeze.
You are very lightly contaminated with residual magic.
Nothing appears to happen.
* * * LOW HITPOINT WARNING * * *
You feel sick. The adder bites you.
* * * LOW HITPOINT WARNING * * *
Casting: Freeze (safe; 11% risk of failure)
Confirm with . or Enter, or press ? or * to list all spells.
Aiming: Freeze (safe; 11% risk of failure)
Press: ? - help, Shift-Dir - straight line, f/p - adder
Aim: an adder You freeze the adder.
The adder is lightly wounded.
The adder seems to slow down.
* * * LOW HITPOINT WARNING * * *
You feel sick.
The adder is no longer moving slowly.
The adder closely misses you.
Okay, then.
Cleave: a) +1 hand axe
Press: ? - help, Dir - move target, f/p - adder
Aim: an adder (lightly wounded, about 62% to evade your +1 hand axe)
You hit the adder.
The adder is severely wounded.
* * * LOW HITPOINT WARNING * * *
You feel sick. The adder completely misses you. The adder barely misses you.
Cleave: a) +1 hand axe
Press: ? - help, Dir - move target, f/p - adder
Aim: an adder (severely wounded, about 62% to evade your +1 hand axe)
You hit the adder.
The adder is severely wounded.
You die...

######....##.##..........#
..........##.##.####.#####
...........#.##....#.###..
......###.##.#####.#.#.#.#
.......#.....#.......#....
.......##.####.#####.#.#..
............[..# #.#.###
#########.##...# #.#....
#@# ..# #....†# #S# .#
#####.# .......l# # #.##.#
........# #....# ........#
#.#### ........# #)#
......... #.# ####.....
#.#### #..... #.....


You could see an adder and a frilled lizard.

Vanquished Creatures
  An adder (D:2)
  A bat (D:2)
  A giant cockroach (D:2)
  2 kobolds (D:2)
  2 quokkas (D:2)
7 creatures vanquished.

Notes
Turn   | Place    | Note
-------+----------+-------------------------------------------
     0 | D:1      | Danienth the Human Wanderer began the quest for the Orb.
     0 | D:1      | Danienth set off with the following items: a +1 hand axe, a
                  | scroll of silence, a +0 leather armour; and the following
                  | spell memorised: Freeze; and the following spells available
                  | to memorise: Frozen Ramparts, Hailstorm.
     0 | D:1      | Reached XP level 1. HP: 16/16 MP: 3/3
    46 | D:1      | You fall into a shaft and drop 1 floor!
   168 | D:2      | Reached XP level 2. HP: 20/22 MP: 5/5
   260 | D:2      | HP: 1/22 [poisoned by an adder]
   261 | D:2      | Succumbed to an adder's poison

Illustrated notes

Levels and vault maps discovered:
D:1:      denvon_arrival_waterhouse, layout_basic,
          shapermc_ecumenical_altar_flowoftime
D:2:      layout_basic

Action                     || total
---------------------------++-------
  Melee: Hand axe          ||    28
   Cast: Freeze            ||     1
 Armour: Leather armour    ||    25
  Dodge: Dodged            ||    17

Table legend: (Time is in decaauts)
 A = Elapsed time spent in this place.
 B = Non-inter-level travel time spent in this place.
 C = Inter-level travel time spent in this place.
 D = Time resting spent in this place.
 E = Time spent auto-exploring this place.
 F = Levels seen in this place.
 G = Mean time per level.
                   A        B        C        D        E       F      G
               +--------+--------+--------+--------+--------+-----+--------+
         Total |    268 |    268 |      0 |      0 |    204 |   2 |  134.0 |
       Dungeon |    268 |    268 |      0 |      0 |    204 |   2 |  134.0 |
               +--------+--------+--------+--------+--------+-----+--------+

Top non-repeatable levels by time:
     D:2: 221 daAuts
     D:1: 47 daAuts
